Map: Ephemeron LE

Players

Maru - Winner!

  • Race: Terran Terran
  • Spawn Location: 5:00

sOs

  • Race: Protoss Protoss
  • Spawn Location: 11:00

Event: IEM Katowice 2020

VOD

Have the link to the VOD?

Description

Time

  • Played on: Feb. 29, 2020, 1:14 p.m.
  • Length: 6:51

All games in this series

Show
View Real Time Build Order
Export as new Build Order

Maru Terran - Winner!

Build Orders: Gas First Reaper Expand 

Get SALT Encoding   

  12  0:00  SCV  
  13  0:12  SCV  
  14  0:16  Supply Depot  
  14  0:24  SCV  
  15  0:29  Refinery  
  15  0:38  SCV  
  16  0:44  Barracks  
  16  0:50  SCV  
  17  1:02  SCV  
  18  1:14  SCV  
  19  1:31  Reaper, Orbital Command  
  20  1:50  Command Center  
  20  1:57  SCV  
  21  2:01  Factory  
  21  2:08  Barracks Reactor  
  21  2:09  SCV  
  21  2:13  Supply Depot  
  22  2:21  SCV  
  23  2:23  Refinery  
  23  2:35  SCV  
  24  2:45  Starport, Hellion  
  24  2:47  SCV, Marine  
  24  2:48  Marine  
  29  2:59  SCV  
  29  3:02  Orbital Command  
  30  3:07  Widow Mine  
  30  3:11  Marine x2  
  30  3:12  SCV  
  35  3:24  SCV  
  38  3:28  SCV  
  38  3:29  Widow Mine  
  38  3:33  Supply Depot  
  41  3:37  Viking  
  41  3:38  SCV  
  41  3:40  SCV  
  42  3:41  Bunker  
  42  3:42  Marine  
  42  3:44  Marine  
  42  3:51  SCV  
  42  3:52  Factory Tech Lab  
  42  3:53  SCV  
  44  4:01  Marine, Supply Depot  
  44  4:02  Marine  
  46  4:03  SCV  
  46  4:05  SCV  
  48  4:14  Siege Tank  
  48  4:15  SCV, Medivac  
  54  4:22  Supply Depot  
  54  4:23  Marine x2, SCV  
  57  4:25  Supply Depot  
  57  4:31  SCV  
  58  4:35  SCV  
  57  4:40  Marine x2  
  57  4:45  Viking  
  61  4:48  Cyclone  
  64  4:54  SCV  
  64  4:58  SCV, Marine x2  
  68  5:07  SCV  
  69  5:08  Command Center  
  69  5:16  Marine x2  
  69  5:17  SCV  
  69  5:19  SCV  
  73  5:21  Cyclone  
  73  5:24  Supply Depot  
  76  5:31  SCV x2  
  78  5:37  Marine  
  78  5:39  Marine  
  77  5:42  Viking  
  77  5:43  SCV x2  
  70  5:53  Cyclone  
  70  5:55  SCV, Marine  
  75  5:57  Marine  
  75  6:03  SCV  
  76  6:07  SCV  
  74  6:13  Marine  
  74  6:15  Marine, SCV  
  71  6:21  SCV  
  71  6:22  Orbital Command  
  71  6:23  Refinery  
  70  6:25  Starport Tech Lab  
  70  6:28  Bunker  
  70  6:30  Barracks  
  70  6:31  Marine  
  71  6:33  Marine  
  71  6:37  SCV  
  76  6:43  Barracks  
  76  6:46  Refinery  
Show
View Real Time Build Order
Export as new Build Order

sOs Protoss 

Build Orders: 1 Gate Expand, Phoenix Opening 

Get SALT Encoding   

  12  0:00  Probe  
  13  0:12  Probe  
  14  0:18  Pylon  
  14  0:24  Probe (Chrono Boost)  
  15  0:37  Probe (Chrono Boost), Gateway  
  16  0:45  Probe (Chrono Boost)  
  16  0:47  Assimilator  
  17  0:51  Probe  
  18  1:02  Pylon  
  18  1:03  Probe  
  19  1:15  Probe  
  20  1:24  Nexus  
  20  1:34  Cybernetics Core  
  20  1:36  Probe  
  21  1:42  Assimilator  
  21  1:49  Probe  
  21  1:53  Pylon  
  22  2:01  Probe  
  23  2:09  Adept (Chrono Boost)  
  23  2:13  Probe  
  26  2:20  Stargate  
  26  2:25  Probe  
  26  2:27  Warp Gate  
  27  2:33  Adept  
  29  2:37  Probe (Chrono Boost)  
  29  2:43  Probe (Chrono Boost)  
  31  2:46  Probe (Chrono Boost)  
  31  2:50  Probe (Chrono Boost)  
  33  2:51  Probe (Chrono Boost)  
  34  3:01  Probe  
  34  3:02  Phoenix (Chrono Boost)  
  34  3:03  Probe  
  38  3:06  Adept  
  40  3:13  Pylon  
  40  3:14  Probe  
  40  3:15  Probe  
  42  3:20  Phoenix (Chrono Boost)  
  42  3:26  Probe  
  45  3:28  Probe  
  46  3:37  Phoenix (Chrono Boost)  
  48  3:43  Probe x2  
  48  3:47  Gateway  
  50  3:49  Gateway  
  50  3:57  Phoenix (Chrono Boost)  
  50  3:58  Pylon  
  50  4:18  Phoenix  
  50  4:21  Probe x2, Adept  
  56  4:30  Pylon  
  56  4:33  Nexus  
  56  4:41  Probe  
  56  4:42  Probe  
  56  4:44  Assimilator x2  
  58  4:48  Adept x3  
  64  4:54  Probe x2  
  64  4:55  Twilight Council  
  66  5:00  Pylon, Forge  
  66  5:09  Adept x2  
  70  5:18  Probe x2  
  70  5:21  Adept  
  74  5:41  Probe x2  
  74  5:44  Adept x2  
  74  5:53  Probe x2  
  74  5:56  Pylon  
  72  5:59  Phoenix  
  63  6:06  Adept  
  53  6:19  Adept  
  53  6:22  Gateway x2  
  53  6:25  Phoenix (Chrono Boost)  
  53  6:29  Probe, Adept  
  53  6:30  Probe  
  58  6:36  Zealot  

Tags
 
Add a new tag
Caveats
  • Supply blocks, unpowered buildings, or Contaminate may cause inaccurate times.
  • Supply counts are checked every 10 seconds.